Map: Ulrena

Players

Gracz

  • Race: Terran Terran

Alduin

  • Race: Terran Terran

HAJPER

  • Race: Protoss Protoss

monkimonki

  • Race: Protoss Protoss

VOD

Have the link to the VOD?

Description

Time

  • Played on: May 4, 2016, 1:34 p.m.
  • Length: 19:39
Show
View Real Time Build Order
Export as new Build Order

Gracz Terran 

Build Orders: Reaper Expand 

Get SALT Encoding   

  12  0:01  SCV  
  13  0:18  Supply Depot  
  13  0:20  Refinery  
  13  0:24  SCV  
  14  0:36  SCV  
  15  0:47  Barracks  
  15  0:48  SCV  
  16  1:08  SCV  
  17  1:34  Orbital Command  
  17  1:43  Factory  
  17  1:44  Reaper  
  18  1:59  Supply Depot  
  18  2:45  Command Center  
  18  3:16  Factory Tech Lab  
  17  3:20  Barracks Reactor, Starport  
  17  3:25  Barracks  
  17  3:30  SCV  
  17  3:31  Refinery  
  17  3:32  Bunker  
  18  3:42  SCV  
  19  3:54  SCV  
  20  3:57  Marine x2, Siege Tank  
  25  4:06  Starport Tech Lab  
  25  4:10  Supply Depot  
  25  4:20  Barracks Tech Lab  
  25  4:22  Marine x2  
  28  4:24  SCV  
  28  4:36  SCV  
  29  4:43  Factory Reactor  
  29  4:48  SCV  
  30  4:53  Medivac  
  30  4:58  Factory  
  32  5:00  SCV  
  33  5:10  Reaper x2  
  33  5:12  SCV  
  36  5:15  Marauder  
  38  5:24  SCV  
  39  5:30  Command Center  
  39  5:36  SCV, Marauder  
  42  5:45  Marine  
  42  5:46  Marine  
  42  5:49  SCV  
  45  5:58  Liberator  
  45  6:01  SCV  
  45  6:03  Marine x2  
  48  6:13  SCV  
  52  6:21  Marine x2  
  52  6:23  Refinery, Siege Tank  
  52  6:25  SCV  
  58  6:27  Supply Depot, Refinery  
  58  6:29  Marauder  
  60  6:37  SCV  
  60  6:39  Marine  
  62  6:48  SCV  
  62  6:50  Supply Depot, Marauder  
  65  7:00  SCV  
  66  7:02  Supply Depot  
  66  7:08  Orbital Command  
  66  7:10  SCV  
  66  7:11  Marauder  
  66  7:13  SCV  
  70  7:23  Siege Tank  
  70  7:25  SCV  
  74  7:33  Hellion, Marauder  
  78  7:37  SCV  
  78  7:41  Supply Depot  
  78  7:44  Engineering Bay  
  79  7:49  SCV  
  80  7:52  SCV  
  80  7:55  Siege Tank  
  80  7:57  Marauder  
  80  7:58  Reaper  
  87  8:00  Reaper  
  87  8:04  Cloaking Field, Supply Depot, SCV  
  89  8:07  Banshee  
  92  8:16  SCV  
  93  8:24  Marauder  
  95  8:27  Supply Depot  
  95  8:46  Marauder  
  97  8:54  SCV  
  98  9:07  SCV, Marauder  
  101  9:10  Reaper x2  
  101  9:12  Banshee  
  101  9:13  Siege Tank  
  109  9:19  SCV  
  110  9:28  Marauder  
  110  9:31  SCV  
  113  9:42  Reaper x2  
  113  9:43  SCV  
  113  9:44  Supply Depot  
  113  9:45  Siege Tank  
  119  9:50  Marauder  
  121  9:55  SCV, Banshee  
  125  10:06  Hellion x2, Supply Depot  
  129  10:15  Terran Infantry Weapons Level 1  
  126  10:28  SCV  
  127  10:29  Supply Depot  
  127  10:38  Banshee  
  127  10:40  SCV  
  131  10:44  Armory  
  131  10:46  Starport  
  131  10:52  SCV  
  131  10:55  Hellion x2  
  136  10:59  Siege Tank  
  136  11:02  Marine x2  
  143  11:04  Marauder  
  143  11:16  Orbital Command  
  143  11:21  Fusion Core  
  145  11:25  Marauder  
  145  11:31  Siege Tank  
  148  11:42  Missile Turret  
  150  11:47  Marauder  
  150  12:03  Missile Turret  
  150  12:08  Marauder  
  152  12:23  Missile Turret  
  138  13:00  Refinery  
  138  13:02  Refinery  
  137  13:25  Marauder  
  139  13:29  Battlecruiser  
  148  13:38  Hellbat  
  138  13:46  Marauder  
  108  13:59  Hellbat  
  71  14:05  Marine  
  71  14:07  Marine, Marauder  
  71  14:09  Stimpack  
  75  14:23  Marine  
  74  14:25  Marine  
  74  14:29  Marauder  
  69  14:32  Missile Turret x2  
  69  14:33  Battlecruiser, Missile Turret  
  69  14:35  Missile Turret x3  
  69  14:36  Missile Turret  
  69  14:37  Missile Turret  
  69  14:38  Missile Turret x2  
  67  14:41  Missile Turret, Marine  
  67  14:42  Marine  
  67  14:43  Missile Turret  
  67  14:45  Missile Turret x2  
  58  14:46  Missile Turret x2  
  58  14:47  Missile Turret  
  58  14:48  Missile Turret x4  
  58  14:50  Missile Turret x2, Marine  
  58  14:52  Missile Turret  
  50  14:54  Missile Turret  
  50  14:56  Missile Turret  
  50  14:59  Marine  
  47  15:00  Marine  
  47  15:07  Marine  
  48  15:16  Missile Turret  
  40  15:25  Marine  
  38  15:34  Command Center  
  40  16:15  Command Center  
  34  16:28  Marine  
  31  16:34  Marine  
  31  16:37  Marine  
  24  16:46  Marine  
  20  16:48  Supply Depot  
  14  16:54  Marine  
  11  17:14  SCV  
  11  17:26  SCV  
  11  17:28  SCV  
  13  17:38  SCV, Command Center  
  13  17:40  SCV  
  14  17:45  Command Center  
  15  17:52  SCV  
  7  17:58  Engineering Bay  
  7  18:04  SCV  
  5  18:16  SCV  
  6  18:25  Supply Depot  
  4  18:34  Supply Depot  
Show
View Real Time Build Order
Export as new Build Order

Alduin Terran 

Build Orders:  

Get SALT Encoding   

  12  0:03  Probe (Chrono Boost)  
  13  0:22  Pylon  
  13  0:26  Assimilator  
  13  0:29  Probe (Chrono Boost)  
  14  0:40  Probe (Chrono Boost)  
  14  0:41  Gateway  
  15  0:51  Probe (Chrono Boost)  
  16  1:01  Probe (Chrono Boost)  
  17  1:07  Gateway  
  17  1:12  Probe (Chrono Boost)  
  18  1:20  Assimilator  
  18  1:36  Cybernetics Core  
  18  1:40  Pylon  
  18  1:48  Gateway  
  18  1:54  Probe (Chrono Boost)  
  19  2:04  Probe (Chrono Boost)  
  20  2:15  Stargate, Probe (Chrono Boost)  
  21  2:25  Probe (Chrono Boost)  
  22  2:33  Zealot  
  22  2:36  Probe (Chrono Boost)  
  25  2:47  Mothership Core (Chrono Boost)  
  26  3:27  Probe (Chrono Boost)  
  26  3:35  Void Ray  
  26  3:37  Probe (Chrono Boost)  
  26  3:38  Robotics Facility  
  31  3:47  Pylon  
  31  4:02  Warp Gate  
  31  4:06  Robotics Facility  
  31  4:12  Pylon  
  31  4:16  Void Ray  
  35  4:27  Observer  
  36  4:45  Observer  
  36  4:48  Nexus  
  37  4:53  Pylon  
  37  5:00  Assimilator  
  37  5:01  Warp Prism  
  37  5:06  Assimilator  
  40  5:15  Probe (Chrono Boost)  
  40  5:27  Probe (Chrono Boost)  
  41  5:36  Warp Prism  
  41  5:39  Probe (Chrono Boost)  
  44  5:52  Probe (Chrono Boost)  
  45  6:02  Probe (Chrono Boost)  
  45  6:04  Probe (Chrono Boost)  
  47  6:13  Probe (Chrono Boost)  
  47  6:16  Probe (Chrono Boost)  
  47  6:17  Forge  
  49  6:23  Probe (Chrono Boost)  
  50  6:28  Probe (Chrono Boost)  
  51  6:34  Probe (Chrono Boost)  
  53  6:40  Probe (Chrono Boost)  
  53  6:41  Observer  
  53  6:44  Probe (Chrono Boost)  
  55  6:52  Probe (Chrono Boost)  
  56  7:00  Nexus  
  56  7:06  Assimilator  
  56  7:08  Assimilator  
  56  7:14  Probe (Chrono Boost)  
  57  7:20  Probe (Chrono Boost)  
  58  7:26  Probe (Chrono Boost)  
  58  7:31  Probe (Chrono Boost)  
  60  7:38  Probe (Chrono Boost)  
  60  7:40  Protoss Air Weapons Level 1  
  60  7:41  Probe (Chrono Boost)  
  61  7:50  Probe (Chrono Boost)  
  62  7:52  Probe (Chrono Boost)  
  63  7:59  Protoss Shields Level 1  
  63  8:02  Probe x2 (Chrono Boost)  
  65  8:06  Void Ray  
  69  8:13  Probe (Chrono Boost)  
  70  8:23  Probe (Chrono Boost)  
  71  8:43  Stargate  
  71  8:44  Void Ray  
  71  8:45  Stargate  
  70  8:53  Gateway  
  70  8:54  Gateway  
  74  9:01  Probe (Chrono Boost)  
  75  9:08  Probe (Chrono Boost)  
  76  9:13  Probe (Chrono Boost)  
  77  9:19  Probe (Chrono Boost)  
  77  9:20  Zealot  
  77  9:21  Zealot x2  
  85  9:25  Probe (Chrono Boost)  
  85  9:49  Pylon, Probe (Chrono Boost)  
  85  9:51  Pylon  
  85  9:58  Photon Cannon  
  84  10:00  Photon Cannon  
  84  10:01  Probe (Chrono Boost), Void Ray  
  85  10:07  Observer  
  85  10:10  Pylon  
  85  10:12  Pylon  
  90  10:15  Pylon  
  88  10:29  Observer  
  89  10:38  Void Ray  
  89  10:42  Photon Cannon  
  89  10:44  Pylon  
  89  10:45  Photon Cannon  
  89  10:46  Pylon  
  89  10:49  Photon Cannon  
  93  10:50  Pylon  
  93  10:52  Pylon  
  93  10:53  Pylon  
  93  10:54  Photon Cannon  
  93  10:55  Pylon  
  93  10:56  Pylon  
  93  10:59  Pylon  
  93  11:01  Pylon x2  
  93  11:02  Photon Cannon  
  93  11:23  Photon Cannon  
  93  11:25  Photon Cannon  
  93  11:27  Photon Cannon  
  93  11:28  Nexus  
  93  11:33  Assimilator, Photon Cannon  
  93  11:34  Assimilator  
  93  11:36  Photon Cannon  
  93  11:39  Photon Cannon  
  93  11:45  Pylon  
  93  11:49  Pylon  
  93  11:51  Pylon  
  93  11:52  Void Ray  
  93  11:54  Pylon  
  93  11:57  Void Ray  
  93  11:58  Void Ray  
  93  11:59  Zealot  
  107  12:12  Adept  
  107  12:13  Adept  
  107  12:15  Zealot x2  
  115  12:20  Fleet Beacon  
  115  12:29  Void Ray  
  117  12:40  Void Ray x2  
  111  13:06  Void Ray  
  111  13:09  Zealot x2  
  111  13:10  Zealot x2  
  115  13:23  Void Ray x2  
  122  13:43  Void Ray  
  126  14:06  Void Ray x2  
  134  14:21  Void Ray  
  134  14:28  Pylon  
  134  14:30  Pylon  
  134  14:32  Pylon  
  134  14:37  Pylon  
  134  14:40  Pylon  
  130  15:12  Photon Cannon  
  119  15:19  Void Ray  
  107  15:25  Void Ray x2  
  109  15:54  Mothership Core (Chrono Boost)  
  111  15:57  Void Ray  
  115  16:08  Void Ray x2  
  123  16:19  Pylon  
  122  16:34  Void Ray  
  126  16:51  Void Ray x2  
  134  17:11  Void Ray, Photon Cannon  
  134  17:13  Photon Cannon  
  134  17:17  Photon Cannon  
  138  17:25  Pylon  
  138  17:29  Pylon  
  138  17:33  Pylon  
  138  17:34  Void Ray  
  142  19:23  Zealot x4  
  142  19:24  Zealot  
Show
View Real Time Build Order
Export as new Build Order

HAJPER Protoss 

Build Orders:  

Get SALT Encoding   

Show
View Real Time Build Order
Export as new Build Order

monkimonki Protoss 

Build Orders:  

Get SALT Encoding   

Tags
 
Add a new tag
Caveats
  • Supply blocks, unpowered buildings, or Contaminate may cause inaccurate times.
  • Supply counts are checked every 10 seconds.